AoeStats
← WardedWorm3

Arena

510529034Analyzed
1v1 RM · 2d ago on Oct 1, 2026· 37m 1s· 2 players
Game mode
Random Map
Map size
Tiny (2 player)
Population
200
Speed
Normal
Resources
Standard
Victory
Conquest
Starting age
Dark Age
Ending age
Imperial Age
RankedLock teamsTeams togetherTeam positionsShared explorationLock speedFull tech treeHidden civsTurbo modeCheats
Victory
Defeat
🇩🇪 Burgundians · Germany
1059
+16
🇨🇴 Spanish · Colombia
1052
-16
WardedWorm3
10:06 Feudal Age
10:38 Loom
14:11 Castle Age
13:13 Double-Bit Axe
13:22 Stone Mining
13:29 Horse Collar
23:10 Wheelbarrow
22:21 Town Watch
22:42 Padded Archer Armor
24:57 Bow Saw
30:15 Imperial Age
27:24 Man-at-Arms
28:26 Scale Mail Armor
28:14 Long Swordsman
28:41 Gambesons
28:57 Squires
28:42 Arson
30:30 Chain Mail Armor
31:31 Conscription
30:55 Two-Handed Swordsman
33:32 Fletching
35:47 Plate Mail Armor
MikaPika7232
11:18 Feudal Age
9:54 Double-Bit Axe
11:09 Horse Collar
13:23 Bow Saw
15:07 Wheelbarrow
20:09 Castle Age
19:14 Gold Mining
20:18 Forging
21:17 Fletching
22:21 Heavy Plow
24:10 Two-Man Saw
24:42 Scale Barding Armor
24:43 Husbandry
25:23 Cavalier
27:42 Gold Shaft Mining
26:52 Elite Skirmisher
31:43 Imperial Age
29:36 Stone Mining
30:40 Iron Casting
30:37 Loom
33:24 Chemistry
32:15 Paladin
34:50 Chain Barding Armor
35:57 Hand Cart
Connection lost

Rejoining the realm…

Still unreachable

The connection could not be restored.

Session expired

The server has moved on; the page needs a fresh start.